[Event "Reykjavik Open 2024"]
[Site "Reykjavik"]
[Date "2024.03.15"]
[Round "1.24"]
[White "Kjartansson, Gudmundur"]
[Black "Schroer, Marcel"]
[Result "1-0"]
[ECO "D94"]
[WhiteElo "2465"]
[BlackElo "2073"]
[Annotator "TA"]
[PlyCount "85"]
[EventDate "2024.03.12"]
[EventCountry "ISL"]
[SourceTitle "playchess.com"]
[Source "ChessBase"]
[SourceQuality "1"]
[TimeControl "40/5400+30:1800+30"]

1. c4 c6 2. Nf3 d5 3. e3 Nf6 4. Nc3 g6 5. d4 Bg7 6. Be2 O-O 7. O-O dxc4 8. Bxc4 Bg4 9. h3 Bxf3 10. Qxf3 Nbd7 11. Rd1 e5 12. Bb3 Qe7 13. Bd2 e4 14. Qf4 Nb6 15. a3 {[%emt 0:03:48] White is slightly better.} Rfe8 16. Rac1 Rad8 17. Qh4 h6 18. Rc2 Kh7 19. Rf1 Nfd5 20. Qxe7 Rxe7 21. Na2 f5 22. a4 a6 23. Ba5 {[%emt 0:02:59] [#] Bxd5 is the strong threat.} Rdd7 24. Nc3 Bf6 25. Bxb6 Nxb6 26. a5 Nd5 27. Nxd5 cxd5 28. Rc5 Rg7 29. Rxd5 Rxd5 30. Bxd5 $16 {[%emt 0:00:05][%mdl 4096] Endgame. KRB-KRB} Rc7 {[%emt 0:01:32] Prevents Rc1.} 31. Rb1 Rd7 32. Be6 Rc7 33. b4 f4 34. Bd5 fxe3 35. fxe3 Bg5 36. Rb3 ({Much less strong is} 36. Bxe4 $6 Bxe3+ 37. Kf1 Bxd4 $11) 36... Rd7 37. Be6 Rc7 38. g3 Kg7 (38... b5 $16 {might work better.} 39. Bd5 (39. axb6 Rb7 $18) 39... Kg7) 39. h4 Be7 40. Bd5 g5 41. h5 Bd6 (41... g4 $142 42. Bxe4 Kf6) 42. Kg2 ({Not} 42. Bxe4 Bxg3 43. b5 Be1 $16) 42... Re7 $2 {[%emt 0:07:00] [#]} (42... g4 {was called for.} 43. Bxe4 Kf8) 43. b5 {[%emt 0:05:48] Weighted Error Value: White=0.08 (flawless) /Black=0.22 (precise) .  Mistake:       	---       	Black=3      Inaccurate:     	White=1     	Black=4      OK:         	White=13    	Black=6} 1-0

[Event "Reykjavik Open 2024"]
[Site "Reykjavik"]
[Date "2024.03.16"]
[Round "2.1"]
[White "Deac, Bogdan-Daniel"]
[Black "Domalchuk-Jonasson, Aleksandr"]
[Result "1/2-1/2"]
[ECO "D35"]
[WhiteElo "2690"]
[BlackElo "2355"]
[Annotator "TA"]
[PlyCount "102"]
[EventDate "2024.03.12"]
[EventCountry "ISL"]
[SourceTitle "playchess.com"]
[Source "ChessBase"]
[SourceQuality "1"]
[TimeControl "40/5400+30:1800+30"]

1. c4 e6 2. Nc3 d5 3. d4 Nf6 4. cxd5 exd5 5. Bf4 Bd6 6. Bxd6 Qxd6 7. e3 Bf5 8. Nge2 O-O 9. Nf4 Nbd7 10. Be2 Rfe8 11. Qb3 c6 12. Rc1 a5 13. Nd3 h5 14. Qd1 g6 15. h3 {[%emt 0:03:17] Wehrt Ng4 ab} Kg7 16. Bf3 h4 17. Be2 a4 18. Nxa4 (18. a3 $11 {hält das Gleichgewicht.}) 18... Bxd3 $17 19. Bxd3 Qb4+ 20. Nc3 Rxa2 21. b3 Rb2 22. O-O Rxb3 23. Ne2 Ra8 24. Bc2 Rb2 25. Nf4 {[%emt 0:00:50] Schwarz muss nun Nd3 beachten.} Qd6 26. Nd3 Rba2 27. Nf4 b5 28. Bb1 R2a4 29. Bd3 R8a6 30. Qc2 Ra2 31. Qb1 Nf8 32. Rc2 Qa3 33. Rxa2 Qxa2 34. Qc1 Qa3 {[%emt 0:01:20] ...g5 wäre nun fies.} 35. Qc2 Qa2 (35... g5 $142 36. Ne2 Qa2) 36. Qc1 $1 N8d7 37. Rd1 (37. Qd1 $17) 37... Qa3 (37... Ne4 $19 38. Bxe4 dxe4) 38. Qb1 Nf8 39. Rc1 Qd6 40. Be2 Ne4 41. Qc2 ({Vorzuziehen ist} 41. Nd3) 41... Nd7 42. Nd3 Qa3 43. Bf3 Nd6 (43... Ndf6 $17 44. Kh2 Qd6+ 45. Kg1 Qa3) 44. Rb1 $1 $15 {[%emt 0:00:00] [#]} Nc4 $1 45. Nb4 {[%emt 0:00:00] [#]} Rb6 (45... Ra8 $1 $17 46. Qd1 (46. Nxc6 Qd6 $17) 46... Qc3 47. Nxc6 Nxe3) 46. e4 $11 {[%emt 0:00:00] Die Stellung ist ausgeglichen.} dxe4 47. Bxe4 c5 48. dxc5 Nxc5 49. Bd5 Ne6 50. Bxc4 bxc4 51. Qxc4 g5 {[%emt 0:00:58] Und Weiß wird für den zähen Widerstand belohnt.   Gewichteter Fehlerwert: Weiß=0.10 (sehr präzise) /Schwarz=0.14 (sehr präzise) .  Fehler:       	Weiß=3     	Schwarz=4     Ungenau:       	Weiß=1     	Schwarz=1     OK:         	Weiß=13    	Schwarz=13    Bester:       	Weiß=5     	Schwarz=3     Stark:        	Weiß=2     	Schwarz=1} 1/2-1/2

[Event "Reykjavik Open 2024"]
[Site "Reykjavik"]
[Date "2024.03.16"]
[Round "2.2"]
[White "Lohia, Sohum"]
[Black "Ivanchuk, Vasyl"]
[Result "1/2-1/2"]
[ECO "B13"]
[WhiteElo "2354"]
[BlackElo "2625"]
[Annotator "TA"]
[PlyCount "58"]
[EventDate "2024.03.12"]
[EventCountry "ISL"]
[SourceTitle "playchess.com"]
[Source "ChessBase"]
[SourceQuality "1"]
[TimeControl "40/5400+30:1800+30"]

1. e4 c6 2. d4 d5 3. exd5 cxd5 4. Bd3 Nf6 5. c3 Nc6 6. Bf4 Bg4 7. Qb3 Qc8 8. Nd2 e6 9. Ngf3 Be7 10. O-O Bh5 11. Rfe1 O-O 12. h3 Bg6 13. Bxg6 hxg6 14. Qb5 {[%emt 0:03:21] Weiß hat minimalen Vorteil.} Qd7 15. a4 Bd6 16. Bxd6 Qxd6 17. Ne5 Qc7 18. Qe2 Rac8 19. Nxc6 Qxc6 20. h4 Qa6 21. Qxa6 bxa6 22. a5 Rb8 23. b4 Rfc8 24. Rac1 Ne4 25. Nxe4 dxe4 26. Kf1 ({Bitte nicht} 26. Rxe4 Rxb4 27. h5 gxh5 $17) 26... f5 27. Ke2 Kf7 28. f3 exf3+ 29. Kxf3 Rc6 {[%emt 0:00:04] Gewichteter Fehlerwert: Weiß=0.01 (makellos) /Schwarz=0.03 (makellos) .  Ungenau:       	Weiß=1     	Schwarz=1     OK:         	Weiß=12    	Schwarz=7     Bester:       	---       	Schwarz=1} 1/2-1/2

[Event "Reykjavik Open 2024"]
[Site "Reykjavik"]
[Date "2024.03.16"]
[Round "2.3"]
[White "Xu, Xiangyu"]
[Black "Moksh Amit Doshi"]
[Result "1-0"]
[ECO "D02"]
[WhiteElo "2623"]
[BlackElo "2353"]
[Annotator "TA"]
[PlyCount "97"]
[EventDate "2024.03.12"]
[EventCountry "ISL"]
[SourceTitle "playchess.com"]
[Source "ChessBase"]
[SourceQuality "1"]
[TimeControl "40/5400+30:1800+30"]

1. d4 Nf6 2. c4 e6 3. g3 d5 4. Bg2 Be7 5. Nf3 O-O 6. b3 c5 7. O-O cxd4 8. Bb2 Nc6 9. Nxd4 Bd7 10. Nd2 Nxd4 11. Bxd4 Bc6 12. Rc1 Rc8 13. e3 Qa5 {[%emt 0:05:22] The position is equal.} 14. cxd5 Bxd5 15. Nc4 Bxc4 16. bxc4 b6 17. Qb3 Rfd8 18. Rfd1 h6 19. h3 Nd7 20. Rc2 Bf6 (20... Nc5 $5 21. Qb1 $8 Na6 $11) 21. Rcd2 {[%emt 0:05:48] Black must now prevent Bxf6.} Nc5 22. Qc2 Qa4 {[%emt 0:04:27] And now ...Qxc2 would win.} 23. Qb2 e5 24. Bxe5 {[%emt 0:00:06] This pair of bishops is nice.} (24. Bxc5 {simplifies} Rxd2 25. Qxd2 Rxc5 26. Bf1) 24... Qxd1+ 25. Rxd1 Rxd1+ 26. Kh2 Bxe5 27. Qxe5 Rd2 28. Qf5 Rc7 29. g4 Re7 (29... Nd7 $1 $11) 30. h4 $16 g6 {[%emt 0:01:08] [#]} 31. Qf4 Kh7 {[%emt 0:03:52] A mistake that costs the game.} (31... Na6 $16 {was necessary.} 32. Qxh6 Rxf2) 32. Qf6 $18 Rdd7 33. h5 Ne4 (33... Re6 {is a better defense.} 34. hxg6+ fxg6) 34. hxg6+ fxg6 {[%emt 0:00:08] [#]} 35. Qf4 Ng5 36. Bd5 {[%emt 0:00:17] Prevents Rf7.} b5 $2 (36... Rd8 {might work better.} 37. Kg2 Kg7 38. Qd4+ Kh7) 37. Qb8 Ne6 38. Qxb5 {[%emt 0:01:18] Threatens to win with Bxe6.} Nc7 39. Qc6 Nxd5 40. cxd5 {[%emt 0:00:04][%cal Bc4d5,Bd5d6][%mdl 4128] Endgame. KQ-KRR} Rc7 41. Qa4 {[%emt 0:30:08] aiming for d6.} Rf7 42. Kg3 g5 43. d6 {[%emt 0:00:00] White wants to mate with Qe4+.} Rcd7 44. Qd4 {[%emt 0:00:00] Hoping for e4.} Rf8 45. e4 {[%emt 0:00:00][%cal Be3e4,Be4e5,Be5e6][%mdl 32] e5 would now be deadly.} Rfd8 46. e5 Kg8 47. Qd5+ Kf8 48. e6 Rxd6 49. Qf5+ {[%emt 0:00:00] Weighted Error Value: White=0.08 (flawless) /Black=0.60.  Mistake:       	---       	Black=4      Inaccurate:     	White=1     	Black=3      OK:         	White=18    	Black=13     Best:        	White=2     	---} (49. Qf3+ $142 Kg8 50. Qf7+ Kh8 51. e7 (51. Qxa7 Rxe6 52. a4 Rf6 $14) 51... Rd3+ 52. Kg2 Rg8 53. e8=Q (53. e8=R Rxe8 54. Qxe8+ Kg7 $18) 53... Rxe8 54. Qxe8+ Kg7 55. Qe5+ Kg8 56. Qe2) 1-0

[Event "Reykjavik Open 2024"]
[Site "Reykjavik"]
[Date "2024.03.16"]
[Round "2.4"]
[White "Thorfinnsson, Bjorn"]
[Black "Moussard, Jules"]
[Result "1/2-1/2"]
[ECO "D03"]
[WhiteElo "2353"]
[BlackElo "2621"]
[Annotator "TA"]
[PlyCount "88"]
[EventDate "2024.03.12"]
[EventCountry "ISL"]
[SourceTitle "playchess.com"]
[Source "ChessBase"]
[SourceQuality "1"]
[TimeControl "40/5400+30:1800+30"]

1. d4 Nf6 2. Nf3 e6 3. Bg5 d5 4. e3 c5 5. c3 Nbd7 6. Nbd2 Qc7 7. Bd3 h6 8. Bh4 Bd6 9. Qe2 {[%emt 0:03:47] Die Stellung ist ausgeglichen.} a6 10. a3 b5 11. b4 (11. e4 $11 {hält das Gleichgewicht.} dxe4 12. Nxe4) 11... c4 $17 12. Bc2 Bb7 13. e4 dxe4 14. Nxe4 Nxe4 15. Bxe4 Nb6 16. Nd2 Bd5 (16... Bxh2 $2 17. Bxb7 Ra7 18. Bf3 $18) 17. a4 {[%emt 0:09:01] [#]} Bxe4 (17... Bxh2 $2 18. a5 Na4 19. Rxa4 (19. Bxd5 Nxc3 20. Qg4 Nxd5 $16) 19... bxa4 20. Bxd5 $18) (17... O-O $1 $17 18. a5 Na4 19. Rxa4 bxa4) 18. Qxe4 $2 (18. Nxe4 $11 O-O (18... bxa4 19. Qg4 $11) 19. Bg3 Bxg3 20. hxg3) 18... O-O $19 (18... Bxh2 19. g3 $16) ({Keinesfalls} 18... bxa4 19. Rxa4 O-O 20. Ra2) 19. a5 Nd5 20. Rc1 Nf4 ({Lieber nicht} 20... Bxh2 21. g3 $16) 21. O-O Nd3 22. Bg3 Nxc1 23. Rxc1 Rae8 24. Bxd6 Qxd6 25. f4 f6 {[%emt 0:03:46] ...e5 wäre nun fies.} 26. Nf3 Qd5 27. Qg6 {[%emt 0:10:07] [#]} (27. Qe3 $17) 27... Qf5 $1 28. Qxf5 exf5 {[%emt 0:00:05][%mdl 4096] Endspiel. KRR-KRN} 29. Kf2 Re4 30. Re1 g5 ({Finger weg von} 30... Rxf4 31. Re6 $19) 31. g3 (31. Rxe4 $142 fxe4 32. Ng1) 31... Kf7 32. Nd2 $2 (32. Rxe4 fxe4 33. Nd2) 32... Rxe1 33. Kxe1 gxf4 {[%emt 0:00:22] Und ...Re8+ würde nun gewinnen.} 34. gxf4 {[%emt 0:00:05] KR-KN} Rg8 35. Kf2 Rg4 36. h3 Rg8 (36... Rxf4+ 37. Kg3 Re4) 37. Nf1 Ke6 38. Ne3 h5 39. h4 Rg6 40. Ng2 Rg8 $2 (40... Ke7 $19 {Droht ...Rg4 und aus.} 41. Ne3 Kd7) 41. Kf3 $2 (41. Ne3 $11) 41... Kd5 42. Ne3+ Ke6 43. Ng2 Kd5 44. Ne3+ Ke6 $2 {[%emt 0:00:02] Gewichteter Fehlerwert: Weiß=0.50/Schwarz=0.43.  Verlustzug:     	Weiß=2     	---        Gewinn verpasst:   	---       	Schwarz=2     Fehler:       	Weiß=5     	Schwarz=1     Ungenau:       	Weiß=1     	Schwarz=2     OK:         	Weiß=12    	Schwarz=11    Bester:       	Weiß=4     	Schwarz=3     Stark:        	---       	Schwarz=1} (44... Kc6 $19 45. Kf2 Re8) 1/2-1/2

[Event "Reykjavik Open 2024"]
[Site "Reykjavik"]
[Date "2024.03.16"]
[Round "2.5"]
[White "Cramling Bellon, Anna"]
[Black "Banerjee, Aryan"]
[Result "1-0"]
[ECO "D31"]
[WhiteElo "2115"]
[BlackElo "1896"]
[Annotator "RC"]
[PlyCount "53"]
[EventDate "2024.03.12"]
[EventCountry "ISL"]
[SourceTitle "playchess.com"]
[Source "ChessBase"]
[SourceQuality "1"]
[TimeControl "40/5400+30:1800+30"]

1. d4 d5 2. c4 e6 3. Nc3 a6 4. cxd5 exd5 5. Nf3 h6 6. Bf4 Nf6 7. e3 Bd6 8. Be5 c6 9. Bd3 O-O 10. O-O Bg4 11. h3 Bh5 12. g4 Bg6 13. Bxg6 fxg6 14. Nh4 Kh7 15. Qc2 Ne4 16. Nxg6 Kxg6 17. f3 Bxe5 18. fxe4 Rxf1+ 19. Rxf1 Kh7 20. exd5+ Kh8 21. dxe5 cxd5 22. Nxd5 Nc6 23. Nf4 Qg5 24. e6 h5 25. Qf5 Qd8 26. Qxh5+ Kg8 27. Ng6 1-0

[Event "Reykjavik Open 2024"]
[Site "Reykjavik"]
[Date "2024.03.16"]
[Round "2.6"]
[White "Stelmaszyk, Nico"]
[Black "Pultinevicius, Paulius"]
[Result "1/2-1/2"]
[ECO "B11"]
[WhiteElo "2347"]
[BlackElo "2575"]
[Annotator "TA"]
[PlyCount "107"]
[EventDate "2024.03.12"]
[EventCountry "ISL"]
[SourceTitle "playchess.com"]
[Source "ChessBase"]
[SourceQuality "1"]
[TimeControl "40/5400+30:1800+30"]

1. e4 c6 2. Nf3 d5 3. Nc3 dxe4 4. Nxe4 Nf6 5. Qe2 Na6 6. d4 Nxe4 7. Qxe4 Qd5 {[%emt 0:00:04] Prevents Bc4} 8. Qxd5 cxd5 9. Ne5 Nb8 10. Bb5+ Nd7 11. O-O a6 12. Bd3 Nxe5 13. dxe5 Bd7 14. Be3 e6 {[%emt 0:00:21] Black is weak on the dark squares} 15. c4 Bc6 16. Rfd1 Be7 17. cxd5 Bxd5 18. f3 h5 19. Rac1 h4 20. Kf2 Bd8 21. b3 Bc6 22. f4 Bc7 23. Be2 g5 24. Bf3 gxf4 25. Bxf4 {[%emt 0:02:55] [#] Rxc6 is the strong threat.} Bb6+ 26. Be3 Bxf3 27. gxf3 Bxe3+ 28. Kxe3 $11 {[%emt 0:00:06][%mdl 4096] Endgame. KRR-KRR} Rd8 29. Rd6 Rg8 30. Rc7 Rg2 31. Rxb7 Rxa2 32. Rxd8+ Kxd8 {[%emt 0:00:05] KR-KR} 33. h3 Rh2 34. Rxf7 Rxh3 35. Kf4 Rh1 36. Kg5 h3 {[%emt 0:01:34] The position is equal.} 37. Rh7 h2 {[%emt 0:02:42] [#] ( -> ...Rg1+)} 38. Kf6 Rf1 39. Rxh2 (39. Kxe6 $2 {too greedy.} h1=Q (39... h1=R $2 40. Rd7+ Kc8 41. Rf7 $19) 40. Rxh1 Rxh1 $19) 39... Rxf3+ 40. Kxe6 {[%emt 0:00:05] b4 would now be deadly.} Rxb3 41. Rh8+ Kc7 42. Ke7 a5 43. Ra8 Ra3 44. e6 a4 45. Ke8 Kb7 46. Ra5 {[%emt 0:00:10] aiming for e7.} Re3 47. e7 a3 48. Ra4 (48. Kf7 $5 Rf3+ $8 49. Kg8 Rg3+ 50. Kf7 Rf3+ 51. Kg8 $11) 48... Rf3 49. Kd7 {[%emt 0:01:13] Rb4+ would kill now.} (49. Kd8 $5 Rd3+ $8 50. Ke8 $11) 49... Rd3+ 50. Ke6 {[%emt 0:00:08] Intending Re4 and mate.} Re3+ 51. Kd6 {[%emt 0:00:09][%cal Oa4a3] White threatens Rxa3! and mate.} (51. Kf6 $5 Rf3+ $8 52. Kg7 $11) 51... Rd3+ 52. Kc5 (52. Ke5 $5 Re3+ $8 53. Kd6 Rd3+ 54. Ke5 Re3+ 55. Kf6 Rf3+ 56. Kg6 $11) 52... Re3 53. e8=N Rxe8 54. Rxa3 {[%emt 0:00:05] Weighted Error Value: White=0.04 (flawless) /Black=0.03 (flawless) .  Inaccurate:     	White=3     	Black=1      OK:         	White=17    	Black=27     Best:        	---       	Black=6} 1/2-1/2

[Event "Reykjavik Open 2024"]
[Site "Reykjavik"]
[Date "2024.03.16"]
[Round "2.7"]
[White "Sanal, Vahap"]
[Black "Risting, Eivind Olav"]
[Result "1-0"]
[ECO "E14"]
[WhiteElo "2558"]
[BlackElo "2336"]
[Annotator "TA"]
[PlyCount "85"]
[EventDate "2024.03.12"]
[EventCountry "ISL"]
[SourceTitle "playchess.com"]
[Source "ChessBase"]
[SourceQuality "1"]
[TimeControl "40/5400+30:1800+30"]

1. c4 e6 2. Nf3 d5 3. e3 Nf6 4. b3 b6 5. Bb2 Bb7 6. d4 Nbd7 7. Bd3 c5 8. cxd5 exd5 9. O-O Be7 10. Nc3 O-O 11. Ne2 Ne4 12. Rc1 Rc8 13. Ng3 {[%emt 0:00:31] White has an edge.} Nxg3 14. hxg3 Bf6 15. Qe2 Rc7 16. Rfd1 (16. Ne5 {seems wilder.} g6 17. Nxd7 Qxd7 18. dxc5 Bxb2 19. c6) 16... Qe7 17. Bf5 Nb8 18. Ba3 g6 19. Bh3 Na6 20. Rc2 Qe8 21. Qd2 Be7 22. Qc1 Qb5 23. Ne5 Nb4 24. Bxb4 Qxb4 25. Bg4 {[%emt 0:03:34][%cal Bh3g4,Bg4f3,Bf3e2][%mdl 32] White is more active.} Rd8 26. Bf3 Qb5 27. Nd3 Bd6 28. Nf4 Bxf4 29. gxf4 a5 30. Be2 Qb4 {[%emt 0:02:01] [#]} (30... Qd7 $142) 31. Rc3 $1 $16 {[%emt 0:01:42] aiming for a3.} a4 (31... c4 $16 {was worth a try.}) 32. a3 $18 Qa5 {[%emt 0:00:03] [#]} 33. b4 Qa7 34. dxc5 Rdc8 (34... bxc5 $142 35. Rxc5 Rxc5 36. Qxc5 (36. bxc5 Rc8 $16) 36... Qxc5 37. bxc5 Bc6) 35. cxb6 (35. Bg4 f5 $18) (35. e4 $142 d4 36. Rxd4 bxc5 37. bxc5 Rxc5 38. Rxc5 Qxc5 39. Rd8+ Kg7 40. Rxc8 Qxc8 41. Qxc8 Bxc8 42. Bb5) 35... Qxb6 36. Rxc7 Rxc7 37. Qb2 Qc6 38. Qe5 Qc3 39. Bb5 Qxe5 40. fxe5 Rc3 41. Rd3 $2 (41. Bxa4 Rxa3 42. Bd7 Rc3 $16) (41. e4 $18 {and White stays clearly on top.} dxe4 42. e6 (42. Bxa4 Rxa3 43. Bb5 Ra8 $14) 42... fxe6 43. Rd8+ (43. Bxa4 Rxa3 44. Bc2 Rc3 $11) 43... Kg7 44. Rd7+ (44. Bxa4 Bd5 $17) 44... Kh6 45. Rxb7 Rxa3 46. Bc4) 41... Rc1+ (41... Rb3 $16) 42. Kh2 {[%emt 0:00:02] Black must now prevent e4.} Bc6 43. Ba6 {[%emt 0:01:18] Weighted Error Value: White=0.19 (very precise) /Black=0.26 (precise) .  Mistake:       	White=2     	Black=4      Inaccurate:     	White=3     	Black=5      OK:         	White=10    	Black=9      Best:        	White=2     	Black=1      Strong:       	White=1     	---        Brilliant:      	White=1     	---} (43. Bxc6 Rxc6 44. g4 (44. Rxd5 Rc3 $16) 44... Kf8) 1-0

[Event "Reykjavik Open 2024"]
[Site "Reykjavik"]
[Date "2024.03.16"]
[Round "2.8"]
[White "Ragnarsson, Dagur"]
[Black "Galperin, Platon"]
[Result "1/2-1/2"]
[ECO "A65"]
[WhiteElo "2337"]
[BlackElo "2555"]
[Annotator "TA"]
[PlyCount "110"]
[EventDate "2024.03.12"]
[EventCountry "ISL"]
[SourceTitle "playchess.com"]
[Source "ChessBase"]
[SourceQuality "1"]
[TimeControl "40/5400+30:1800+30"]

1. d4 Nf6 2. c4 g6 3. Nc3 Bg7 4. e4 d6 5. f3 O-O 6. Nge2 c5 7. d5 e6 8. Ng3 exd5 9. cxd5 h5 10. Be2 a6 11. a4 Nh7 {[%emt 0:13:13] Prevents Bg5} 12. Be3 {[%emt 0:15:32] White has an edge.} h4 13. Nf1 f5 14. exf5 gxf5 15. a5 Nd7 16. Qc2 f4 17. Bd2 ({White must play} 17. Bf2 $1 $15) 17... Ng5 (17... Ne5 $142 {aiming for ...h3.} 18. Ne4 Ng5) 18. h3 $17 Ne5 $36 {[%emt 0:18:25][%mdl 2048] ...Bf5 is the strong threat. Black is really pushing.} 19. Nh2 Bf5 20. Ne4 {[%emt 0:00:05] [#]} (20. Qc1 $17) 20... Qe8 $1 $19 21. Ra4 Qg6 22. Ng4 Nxg4 (22... Rae8 $19 {has better winning chances.} 23. O-O Bxe4 24. Rxe4 Nxg4 25. hxg4 h3 (25... Nxe4 $2 26. fxe4 Qxe4 27. Bd3 $19)) 23. hxg4 $17 Bxe4 24. fxe4 (24. Rxe4 {is a better defense.} Nxe4 25. fxe4) 24... f3 25. gxf3 Nxf3+ 26. Kd1 Nd4 $2 (26... Qxg4 27. e5 Qg3 (27... Qg2 28. Raxh4 Nxh4 29. Rxh4 $11) 28. Qd3 $15) (26... Rae8 $19 27. Be3 Qxg4) 27. Qd3 {[%emt 0:00:04] [#]} (27. Rxd4 $1 $15 Bxd4 (27... cxd4 28. Rxh4 Qf6 29. g5 $14) 28. Rxh4) 27... Rae8 (27... Rf2 $1 $17 28. Rxd4 (28. e5 $2 Qxd3 29. Bxd3 Bxe5 $19) 28... cxd4 (28... Bxd4 29. Rxh4 Qe8 30. e5 $11)) 28. e5 Qxd3 29. Bxd3 Bxe5 (29... Rxe5 30. Rxh4 Rf2 (30... Rxd5 $2 31. Bc4 $18) 31. Rh1 $11) 30. Rxh4 Nf3 (30... Rf2 $17 {[%cal Of2d2] White must now prevent ...Rxd2+!} 31. Rh1 Nb3) 31. Rh5 $15 Nxd2 (31... Bxb2 32. Bh7+ Kf7 33. Bh6 $16) 32. Rg5+ Bg7 33. Kxd2 Rf2+ 34. Kd1 Re3 35. Bf5 (35. Ra3 $1 $11 Rh3 (35... Rxb2 $2 36. Bh7+ Kxh7 37. Rxe3 $18) 36. Rh5 Rxh5 37. gxh5) 35... Kf8 {[%emt 0:00:50][%cal Oe3g3] ...Rg3! would now be deadly.} (35... Rxb2 36. Be6+ Kh7 37. Bf5+ Kh8 38. Rh5+ Kg8 39. Rf4 $11) 36. Re4 (36. Ra3 $17) 36... Rxe4 $2 ({Better is} 36... Rf1+ $19 37. Kc2 Rh3 (37... Rf2+ $2 38. Kd1 $19)) 37. Bxe4 Rxb2 $19 {[%emt 0:00:09][%mdl 4096] Endgame. KRB-KRB} 38. Bg6 (38. Rf5+ $15 Ke7 39. g5) 38... Bf6 39. Rf5 Kg7 40. Be8 Rg2 41. g5 (41. Rf4 $17) 41... Bxg5 (41... Rxg5 42. Rxg5+ Bxg5 43. Bd7 $15) 42. Rf7+ Kh6 43. Rxb7 Rd2+ 44. Ke1 Rxd5 {[%emt 0:00:00] Threatens to win with ...Re5+.} 45. Bf7 (45. Bc6 $17 {was called for.} Bd2+ 46. Kd1) 45... Rd4 46. Rb6 Kg7 47. Bb3 Bd2+ 48. Ke2 Bxa5 49. Rxa6 Bb4 50. Ke3 (50. Ra7+ $142 Kg6 51. Rc7) 50... Kf6 51. Ra7 d5 52. Rd7 Ke6 (52... Ke5 $19 {Strongly threatening ...c4.} 53. Rd8 Re4+ 54. Kf3 c4) 53. Rxd5 $1 $11 {[%emt 0:00:04] The position is equal.} Bd2+ (53... Rxd5 $5 54. Ke4 $8 Kd6 (54... c4 55. Bxc4 Bf8 56. Bxd5+ Kf6 57. Bg8 $11) 55. Bxd5 Ba5 $11) 54. Kf3 $1 Rb4 (54... Rxd5 $5 55. Ke4 $8 Kd7 (55... c4 56. Bxc4 Bh6 57. Bxd5+ Kf6 58. Bg8 $11) 56. Bxd5 Kc7 $11) 55. Ba2 Bf4 {[%emt 0:00:00] Weighted Error Value: White=0.32/Black=0.38.  Missed win:     	---       	Black=2      Mistake:       	White=10    	Black=5      Inaccurate:     	White=5     	Black=1      OK:         	White=13    	Black=17     Best:        	White=6     	Black=5      Strong:       	White=2     	Black=1} 1/2-1/2

[Event "Reykjavik Open 2024"]
[Site "Reykjavik"]
[Date "2024.03.16"]
[Round "2.9"]
[White "Can, Emre"]
[Black "Cieslak, Patryk"]
[Result "1/2-1/2"]
[ECO "E04"]
[WhiteElo "2551"]
[BlackElo "2325"]
[Annotator "TA"]
[PlyCount "126"]
[EventDate "2024.03.12"]
[EventCountry "ISL"]
[SourceTitle "playchess.com"]
[Source "ChessBase"]
[SourceQuality "1"]
[TimeControl "40/5400+30:1800+30"]

1. d4 d5 2. c4 e6 3. Nf3 Nf6 4. g3 dxc4 5. Bg2 c6 6. O-O b5 7. Ne5 Bb7 8. Nc3 a6 9. b3 cxb3 10. Qxb3 Be7 11. Rd1 O-O 12. Ba3 Qc7 13. Ne4 c5 14. Nxc5 Bxg2 15. Kxg2 Bxc5 (15... Rc8 $5) 16. Bxc5 Rc8 17. Qf3 Nc6 18. Nd3 e5 19. dxe5 Nxe5 20. Nxe5 Qxc5 21. Nd7 Qc6 22. Nxf6+ Qxf6 23. Qxf6 gxf6 $14 {[%emt 0:00:04][%mdl 4096] Endspiel. KRR-KRR} 24. Rd6 Rc2 25. e3 Kg7 26. a4 b4 (26... Re8 $1 $11) 27. a5 $1 Re8 28. Rb1 $1 (28. Rxa6 $6 Rxe3 29. Rb6 Ree2 $11) 28... Rxe3 29. Rxb4 Re5 (29... h5 $16) 30. Rg4+ $18 ({Jedoch nicht} 30. Rxa6 $6 Ra2 $14) 30... Rg5 31. Rxg5+ fxg5 {[%emt 0:00:02] KR-KR} 32. g4 (32. Rxa6 $18 {und der Rest ist Schweigen. Droht Ra8 und aus.} Rc5 33. Ra7) 32... Ra2 33. Rxa6 Ra3 (33... Ra4 $142) 34. Ra8 $16 h6 (34... Ra4 $16 {war nötig.}) 35. Ra6 Kh7 36. Kf1 (36. h3 $18) 36... Ra2 (36... Ra1+ $16 {war einen Versuch wert.} 37. Kg2 Ra4) 37. Kg2 Ra3 $1 38. Kf1 (38. h3 $16) 38... Ra2 $1 $18 39. h3 (39. Ra8 $18) 39... Ra3 {[%emt 0:01:09] [#]} 40. Ke2 (40. Kg2 $1 $16) 40... Kg7 $11 41. f3 (41. Ra7 $16) 41... Kh7 42. Ra8 Kg7 43. Ra6 Kh7 $1 44. Ra7 Kg6 45. a6 Kf6 {[%emt 0:03:39] [#]} (45... Kg7 $11 {bleibt in der Remisbreite.}) 46. Ra8 {[%emt 0:05:18] Weiß steht aktiver.} (46. Kf2 $1 $16) 46... Kg7 (46... Ke5 $1 $11 {hält das Gleichgewicht.}) 47. Kd2 ({Günstiger ist} 47. Kf2 $16) 47... Rxf3 $14 48. Kc2 (48. a7 $1 $14 Ra3 49. Kc2) 48... Rxh3 $11 {[%emt 0:01:49] Die Stellung ist ausgeglichen.} 49. Kb2 (49. a7 $5 Ra3 $8 50. Kd2 $11) 49... Rh2+ 50. Kb3 Rh1 (50... Rg2 51. a7 Rg3+ (51... Rxg4 $2 {zu gefräßig.} 52. Rd8 $18) 52. Kb4 Rxg4+ 53. Kb5 $18) 51. Kb4 Ra1 52. Kb5 h5 53. gxh5 f5 {[%emt 0:03:12] Und ...f4 würde nun gewinnen.} 54. Rd8 f4 {[%emt 0:02:38] ...f3 ist eine echte Drohung.} 55. Rd6 f3 56. Rg6+ Kh7 57. Rxg5 f2 58. Rf5 f1=Q+ 59. Rxf1 Rxf1 60. a7 Ra1 61. Kb6 Kh6 62. Kb7 Rxa7+ 63. Kxa7 Kxh5 {[%emt 0:00:05] Gewichteter Fehlerwert: Weiß=0.29 (präzise) /Schwarz=0.16 (sehr präzise) .  Fehler:       	Weiß=9     	Schwarz=7     Ungenau:       	Weiß=3     	Schwarz=4     OK:         	Weiß=16    	Schwarz=19    Bester:       	Weiß=6     	Schwarz=2     Stark:        	Weiß=2     	Schwarz=3} 1/2-1/2